 Dungeon Crawl Stone Soup version 0.26-a0-859-gf57989e088 (webtiles) character file.

Game seed: 11899909532217793117

127569 Ijustatesigmund the Unseen (level 17, -7/121 HPs)
             Began as an Octopode Fighter on Nov 24, 2020.
             Was the Champion of Cheibriados.
             Mangled by an iron troll (20 damage)
             ... on level 1 of the Depths on Nov 25, 2020.
             The game lasted 01:02:34 (27073 turns).

Ijustatesigmund the Unseen (Octopode Fighter)      Turns: 27073, Time: 01:02:35

Health: -7/121     AC:  5    Str: 31    XL:     17   Next: 1%
Magic:  16/26      EV: 30    Int: 30    God:    Cheibriados [******]
Gold:   1614       SH: 21    Dex: 44    Spells: 13/16 levels left

rFire    . . .     SeeInvis .   a - +6 broad axe (venom)
rCold    . . .     Faith    .   b - +4 kite shield
rNeg     + . .     Spirit   .   I - +0 hat
rPois    .         Reflect  .   C - amulet of regeneration
rElec    .         Harm     .   h - +6 ring of dexterity
rCorr    .         Rampage  .   r - +4 ring of protection
MR       ++...     Rnd*Rage +   i - +6 ring of dexterity
Stlth    ++++++++++             v - ring of positive energy
HPRegen  0.70/turn              y - +4 ring of slaying
MPRegen  0.20/turn              K - ring of Dain {MR+ Stlth+}
                                d - +6 ring of dexterity
                                N - ring of wizardry

@: very slow
A: almost no armour, stealthy swim, amphibious, 8 rings, constrict 8, camouflage
1, berserk 1, clumsy 1, gelatinous body 1, MP-powered wands
a: Bend Time, Temporal Distortion, Slouch, Step From Time, Renounce Religion


You were on level 1 of the Depths.
You worshipped Cheibriados.
Cheibriados was exalted by your worship.
You visited 5 branches of the dungeon, and saw 25 of its levels.
You also visited: Bailey.

You collected 3074 gold pieces.
You spent 1460 gold pieces at shops.

Inventory:

Hand Weapons
 a - a +6 broad axe of venom (weapon)
 t - the +10 morningstar of Guilt {vorpal, rF- Int+5 Stlth+}
   (You found it on level 3 of the Lair of Beasts)

   It inflicts extra damage upon your enemies.
   It affects your intelligence (+5).
   It makes you vulnerable to fire.
   It makes you more stealthy.
Missiles
 e - 82 poisoned darts (quivered)
Armour
 b - a +4 kite shield (worn)
 I - a +0 hat (worn)
Jewellery
 d - a +6 ring of dexterity (on tentacle)
 h - a +6 ring of dexterity (left tentacle)
 i - a +6 ring of dexterity (on tentacle)
 r - a +4 ring of protection (right tentacle)
 v - a ring of positive energy (on tentacle)
 y - a +4 ring of slaying (on tentacle)
 C - an amulet of regeneration (around mantle)
 K - the ring of Dain (on tentacle) {MR+ Stlth+}
   (You found it on level 6 of the Lair of Beasts)

   [ring of stealth]

   It affects your resistance to hostile enchantments.
   It makes you more stealthy.
 N - a ring of wizardry (on tentacle)
 O - an uncursed ring of magical power
Wands
 l - a wand of iceblast (2)
 o - a wand of acid (33)
 B - a wand of flame (49)
 D - a wand of disintegration (12)
 F - a wand of polymorph (15)
 G - a wand of paralysis (9)
Scrolls
 c - 4 scrolls of fear
 k - 10 scrolls of remove curse
 m - 11 scrolls of teleportation
 p - 3 scrolls of fog
 s - 17 scrolls of identify
 u - 3 scrolls of blinking
 L - a scroll of immolation
Potions
 f - 2 potions of ambrosia
 g - 8 potions of curing
 j - 3 potions of cancellation
 n - 6 potions of flight
 q - a potion of invisibility
 w - a potion of magic
 x - 3 potions of brilliance
 z - a potion of might
 A - 3 potions of resistance
 E - 2 potions of heal wounds
 H - 2 potions of attraction
 M - 2 potions of lignification


   Skills:
 + Level 12.6 Fighting
 + Level 12.8 Axes
 - Level 12.0 Dodging
 - Level 19.1 Stealth
 - Level 12.0 Shields
 - Level 4.8 Translocations
 + Level 12.1 Invocations
 - Level 9.4 Evocations


You had 13 spell levels left.
You knew the following spells:

 Your Spells              Type           Power        Failure   Level
a - Magic Dart            Conj           #...         6%          1
b - Blink                 Tloc           N/A          1%          2

Your spell library contained the following spells:

 Spells                   Type           Power        Failure   Level
 Animate Skeleton         Necr           #.....       6%          1
 Corona                   Hex            #......      6%          1
 Pain                     Necr           #...         6%          1
 Sandblast                Erth           #.....       6%          1
 Portal Projectile        Hex/Tloc       ##....       6%          3
 Call Imp                 Summ           #.......     9%          2
 Passwall                 Tmut/Erth      #.......     9%          2
 Poisonous Vapours        Pois/Air       #.....       9%          2
 Slow                     Hex            #.......     9%          2
 Conjure Flame            Conj/Fire      #.......     16%         3
 Inner Flame              Hex/Fire       #.......     16%         3
 Mephitic Cloud           Conj/Pois/Air  #.......     16%         3
 Static Discharge         Conj/Air       #.......     16%         3
 Stone Arrow              Conj/Erth      #.....       16%         3
 Vampiric Draining        Necr           #.........   16%         3
 Animate Dead             Necr           #.........   45%         4
 Cause Fear               Hex            #.........   45%         4
 Hailstorm                Conj/Ice       #.......     45%         4
 Leda's Liquefaction      Hex/Erth       #.........   45%         4
 Petrify                  Tmut/Erth      #.......     45%         4
 Agony                    Necr           #.......     80%         5
 Bolt of Magma            Conj/Fire/Erth #.........   80%         5
 Irradiate                Conj/Tmut      #.........   80%         5
 Lee's Rapid Deconstruct  Erth           #.........   80%         5
 Freezing Cloud           Conj/Ice/Air   #.........   100%        6
 Hydra Form               Tmut           #.........   100%        6
 Iron Shot                Conj/Erth      #.........   100%        6
 Starburst                Conj/Fire      #.........   100%        6
 Statue Form              Tmut/Erth      #........    100%        6
 Dragon Form              Tmut           #.........   100%        7
 Shatter                  Erth           #.........   100%        9


Dungeon Overview and Level Annotations

Branches:
Dungeon (15/15)            Temple (1/1) D:5            Lair (6/6) D:9
 Shoals (0/4) Lair:2        Snake (0/4) Lair:4        Slime (0/5) Lair:6
    Orc (2/2) D:12            Elf (0/3) Orc:2        Vaults (0/5) D:13
 Depths (1/5) D:15         Bailey (visited)

Altars:
Ashenzari
Cheibriados
Dithmenos
Elyvilon
Fedhas
Gozag
Hepliaklqana
Kikubaaqudgha
Makhleb
Nemelex Xobeh
Okawaru
Qazlal
Ru
Sif Muna
Trog
Uskayaw
Vehumet
Wu Jian
Xom
Yredelemnul
Zin
The Shining One
Beogh
Jiyva

Shops:
D:5 ?   D:6 :   D:9 *   D:11 [[!(   D:12 }   Orc:2 **:=(


Innate Abilities, Weirdness & Mutations

You cannot wear most types of armour.
You are very stealthy in the water. (Stealth+)
You are amphibious.
You can wear up to eight rings at the same time.
You can use your tentacles to constrict eight enemies at once.
Your skin changes colour to match your surroundings (Stealth+).
Your rubbery body absorbs attacks. (AC +1, EV +1)
You tend to lose your temper in combat.
You are clumsy. (Dex -2)
You expend magic power (3 MP) to strengthen your wands.


Message History

The deep troll shaman calls upon its god to strengthen the iron troll.
The iron troll seems to grow stronger.
Casting: Blink (safe; 1% risk of failure)
Confirm with . or Enter, or press ? or * to list all spells.
You blink.
The deep troll shaman enters a dispersal trap!
The iron troll blinks! x2; You blink.
The deep troll shaman blinks!
Evoke which item? (* to show all) (? for menu, Esc to quit)
Aiming: Corrosive Bolt
Press: ? - help, Shift-Dir - straight line, f - iron troll
Aim: an iron troll (severely wounded, fast, strong, extremely poisoned, 9% to evade)
You feel a surge of power!
The bolt of acid hits the iron troll!
The iron troll is splashed with acid.
The acid corrodes the iron troll!
The iron troll is almost dead.
The iron troll bites you.
* * * LOW HITPOINT WARNING * * *
The iron troll claws you!!
* * * LOW HITPOINT WARNING * * *
The iron troll claws you!!
You die...

#..#####.8...8.#
#......##.....##
#.###.####...## #.....#
#...## #######.#.#.#
##.......#.#.#
.#######§§†######.#.#
........T.†§.......(#
#####.@♣≈≈§#####.######
#..♣≈≈P# #.......
#..≈≈≈.# ########
##.#≈≈.# #.##..#
#.##.## #.##.# #.#


You could see an iron troll (fast, strong, extremely poisoned, corroded).

Vanquished Creatures
  A lich (Depths:1)
  Frances (D:12)
  3 tengu reavers (D:14)
  2 fire giants
  An orc warlord (D:15)
  A very ugly thing (Depths:1)
  A stone giant (Depths:1)
  Nessos (D:12)
  A dire elephant (Lair:4)
  Josephine (D:12)
  A yaktaur captain (D:14)
  An ogre mage (Depths:1)
  A great orb of eyes (Depths:1)
  2 fire dragons
  Erolcha (Orc:2)
  2 vault guards (D:13)
  A rakshasa (Depths:1)
  A boulder beetle (D:14)
  3 catoblepae
  10 hydras
  An ice dragon (Depths:1)
  6 two-headed ogres
  4 centaur warriors
  2 tengu warriors
  A deep troll shaman (Depths:1)
  An orc high priest (D:15)
  9 death yaks
  2 hell knights
  A deep elf knight (D:14)
  4 skeletal warriors (D:15)
  A fire crab (shapeshifter) (D:15)
  3 deep trolls
  4 wizards (D:13)
  Pikel (D:6)
  6 orc knights
  A lindwurm (Lair:6)
  3 cyclopes
  A necromancer (D:13)
  3 orc sorcerers
  4 deep elf magi
  18 ugly things
  5 manticores
  Maurice (Orc:2)
  4 elephants (Lair:6)
  8 black mambas
  The ghost of ikjuyhgtrf the Shield-Bearer, a novice DDFi (D:5)
  4 centaur zombies
  2 molten gargoyles (Lair:6)
  Joseph (Lair:1)
  14 cane toads
  A gargoyle (D:13)
  15 komodo dragons
  2 yaktaurs
  An efreet (D:14)
  6 rime drakes
  A freezing wraith (D:15)
  A tengu conjurer (D:14)
  A troll (shapeshifter) (D:15)
  2 polar bears
  5 trolls
  A hornet (D:15)
  16 blink frogs
  A wind drake (Lair:2)
  A harpy skeleton (D:15)
  9 slime creatures
  A meliai zombie (D:12)
  2 shadows
  6 wraiths
  A wyvern (shapeshifter) (D:14)
  A water elemental (D:11)
  A centaur simulacrum (D:14)
  11 wyverns
  45 yaks
  9 basilisks
  3 steam dragons (Lair:6)
  17 humans (D:13)
  A fire elemental (Depths:1)
  4 vampire mosquitoes
  Edmund (D:4)
  2 acid dragons
  6 wargs
  15 water moccasins
  4 hell hounds (Lair:6)
  41 orc warriors
  2 phantoms
  A black bear (Lair:1)
  A black bear (shapeshifter) (D:13)
  2 sky beasts
  3 necrophages
  11 ogres
  4 boggarts (D:15)
  6 wolves
  15 centaurs
  A lemure (D:6)
  2 big kobolds
  A gnoll sergeant (D:7)
  23 bullfrogs
  2 wyvern skeletons
  7 scorpions
  20 killer bees
  10 howler monkeys
  17 wights
  6 electric eels
  A bullfrog zombie (D:12)
  3 lava snakes (Lair:6)
  4 quasits
  9 hounds
  13 orc priests
  4 centaur skeletons
  5 jellies
  Crazy Yiuf (D:4)
  A bullfrog skeleton (D:8)
  2 iguanas
  20 orc wizards
  7 worker ants
  A hound skeleton (D:7)
  A worker ant zombie (D:9)
  16 adders
  11 gnolls
  2 shadow imps
  3 white imps
  An ufetubus (D:9)
  An adder zombie (D:5)
  3 worms
  2 dart slugs
  2 leopard geckos
  83 orcs
  5 ball pythons
  4 bats
  8 giant cockroaches
  14 goblins
  5 hobgoblins
  10 jackals
  24 kobolds
  6 quokkas
  5 frilled lizards
  A leopard gecko skeleton (D:3)
  4 rats
802 creatures vanquished.

Vanquished Creatures (others)
  30 fungi
  47 plants
77 creatures vanquished.

Grand Total: 879 creatures vanquished

Notes
Turn   | Place    | Note
-------+----------+-------------------------------------------
     0 | D:1      | Ijustatesigmund the Octopode Fighter began the quest for
                  | the Orb.
     0 | D:1      | Reached XP level 1. HP: 16/16 MP: 1/1
   209 | D:1      | Reached XP level 2. HP: 16/21 MP: 2/2
   597 | D:2      | Reached XP level 3. HP: 23/26 MP: 3/3
   708 | D:2      | Reached XP level 4. HP: 23/32 MP: 4/4
  1313 | D:2      | Found a broken altar of Ashenzari.
  1451 | D:2      | Found a bloodstained altar of Trog.
  1456 | D:2      | Found a shimmering blue altar of Sif Muna.
  1844 | D:3      | Reached XP level 5. HP: 37/37 MP: 5/5
  2628 | D:4      | Reached skill level 5 in Axes
  2628 | D:4      | Reached XP level 6. HP: 44/44 MP: 6/6
  3000 | D:4      | Noticed a phantom
  3017 | D:4      | Killed a phantom
  3138 | D:4      | Found a runed translucent door.
  3139 | D:4      | Noticed Crazy Yiuf
  3147 | D:4      | Killed Crazy Yiuf
  3196 | D:4      | Noticed Edmund
  3209 | D:4      | Killed Edmund
  3210 | D:4      | Reached XP level 7. HP: 29/49 MP: 7/7
  3549 | D:5      | Entered Level 5 of the Dungeon
  3657 | D:5      | Reached skill level 5 in Fighting
  3689 | D:5      | Found a transporter.
  3910 | D:5      | Noticed ikjuyhgtrf's ghost (novice DDFi)
  3916 | D:5      | Gained mutation: You are clumsy. (Dex -2) [potion of
                  | mutation]
  3916 | D:5      | Gained mutation: You tend to lose your temper in combat.
                  | [potion of mutation]
  3916 | D:5      | Gained mutation: You expend magic power (3 MP) to
                  | strengthen your wands. [potion of mutation]
  3923 | D:5      | Found a transporter.
  3938 | D:5      | Killed ikjuyhgtrf's ghost
  3939 | D:5      | Reached XP level 8. HP: 49/57 MP: 8/8
  4114 | D:5      | Reached skill level 5 in Dodging
  4114 | D:5      | Reached skill level 5 in Shields
  4120 | D:5      | Found a staircase to the Ecumenical Temple.
  4139 | Temple   | Entered the Ecumenical Temple
  4260 | Temple   | Became a worshipper of Cheibriados the Contemplative
  4384 | D:5      | Found an iron altar of Okawaru.
  4616 | D:5      | Found a hazy altar of Hepliaklqana.
  4617 | D:5      | Found a shimmering altar of Xom.
  4617 | D:5      | Noticed a tentacled monstrosity
  4618 | D:5      | Noticed a spectral ugly thing
  4678 | D:5      | Found Kokol's Magic Scroll Shoppe.
  4686 | D:5      | Bought a scroll of identify for 26 gold pieces
  4686 | D:5      | Bought a scroll of identify for 26 gold pieces
  4686 | D:5      | Bought a scroll of teleportation for 39 gold pieces
  4761 | D:5      | Found a blossoming altar of Fedhas.
  4816 | D:6      | Noticed a troll
  4827 | D:6      | Killed a troll
  4828 | D:6      | Reached skill level 1 in Invocations
  5175 | D:6      | Reached XP level 9. HP: 59/63 MP: 10/10
  5578 | D:6      | Reached * piety under Cheibriados
  5749 | D:6      | Noticed Pikel
  5757 | D:6      | Killed Pikel
  5891 | D:6      | Noticed a two-headed ogre
  5898 | D:6      | Killed a two-headed ogre
  5899 | D:6      | Reached XP level 10. HP: 71/71 MP: 2/13
  6100 | D:6      | Found an ornate altar of the Wu Jian Council.
  6129 | D:6      | Found Lezu's Book Emporium.
  6416 | D:7      | Reached ** piety under Cheibriados
  6643 | D:7      | Reached skill level 5 in Invocations
  6810 | D:7      | Reached *** piety under Cheibriados
  7621 | D:8      | Reached **** piety under Cheibriados
  7643 | D:8      | Found a white marble altar of Elyvilon.
  7866 | D:8      | Found a sparkling altar of Nemelex Xobeh.
  8723 | D:9      | Found Gozag's Platinum Reserve.
  8727 | D:9      | Found an opulent altar of Gozag.
  8979 | D:9      | Found a staircase to the Lair.
  9137 | D:9      | Reached XP level 11. HP: 67/78 MP: 15/15
  9154 | D:9      | Reached ***** piety under Cheibriados
  9399 | D:6      | Bought a book of Minor Magic for 260 gold pieces
  9401 | D:6      | Learned a level 1 spell: Magic Dart
  9404 | D:6      | Learned a level 2 spell: Blink
  9557 | D:10     | Entered Level 10 of the Dungeon
  9570 | D:10     | Reached skill level 1 in Stealth
  9809 | D:10     | Reached skill level 1 in Translocations
  9813 | D:10     | Reached skill level 2 in Stealth
 10158 | D:10     | Noticed a two-headed ogre
 10167 | D:10     | Killed a two-headed ogre
 10168 | D:10     | Reached skill level 3 in Stealth
 10190 | D:10     | Noticed a two-headed ogre
 10197 | D:10     | Killed a two-headed ogre
 10660 | D:11     | Found Vietoim's Antique Weapon Shop.
 10671 | D:11     | Found Rameqia's Distillery.
 10680 | D:11     | Reached skill level 4 in Stealth
 10700 | D:11     | Found Cibb's Antique Armour Shop.
 10701 | D:11     | Found Win Emiwuage's Antique Armour Shop.
 10707 | D:11     | Bought a glowing broad axe for 210 gold pieces
 10732 | D:11     | Bought a potion of degeneration for 15 gold pieces
 10930 | D:11     | Noticed a cyan ugly thing
 10934 | D:11     | Killed a cyan ugly thing
 11321 | D:11     | Noticed a cyclops
 11328 | D:11     | Killed a cyclops
 11752 | D:12     | Reached skill level 5 in Stealth
 11752 | D:12     | Reached XP level 12. HP: 85/85 MP: 17/17
 11874 | D:12     | Noticed Josephine
 11887 | D:12     | Killed Josephine
 11887 | D:12     | Reached ****** piety under Cheibriados
 11914 | D:12     | Found Xunum's Gadget Emporium.
 12123 | D:12     | Noticed Nessos
 12131 | D:12     | Paralysed by Nessos for 5 turns
 12135 | D:12     | Noticed a two-headed ogre
 12136 | D:12     | Killed Nessos
 12140 | D:12     | Killed a two-headed ogre
 12141 | D:12     | Reached skill level 6 in Stealth
 12474 | D:12     | Reached skill level 10 in Axes
 12495 | D:12     | Noticed Frances
 12720 | D:12     | Found a staircase to the Orcish Mines.
 12748 | D:12     | Killed Frances
 13429 | D:13     | Noticed a seven-headed hydra
 13659 | Lair:1   | Entered Level 1 of the Lair of Beasts
 13674 | Lair:1   | Reached skill level 10 in Fighting
 13688 | Lair:1   | Reached skill level 1 in Evocations
 13865 | Lair:1   | Reached XP level 13. HP: 91/92 MP: 19/19
 14024 | Lair:1   | Noticed Joseph
 14031 | Lair:1   | Killed Joseph
 14050 | Lair:1   | Reached skill level 5 in Evocations
 14453 | Lair:1   | Found an iron altar of Okawaru.
 15067 | Lair:2   | Found a staircase to the Shoals.
 15841 | Lair:3   | Got a transparent morningstar
 15842 | Lair:3   | Identified the +10 morningstar of Guilt {vorpal, rF- Int+5
                  | Stlth+} (You found it on level 3 of the Lair of Beasts)
 16463 | Lair:4   | Found a staircase to the Snake Pit.
 16738 | Lair:4   | Noticed a dire elephant
 16746 | Lair:4   | Killed a dire elephant
 16812 | Lair:4   | Reached XP level 14. HP: 82/99 MP: 19/21
 16823 | Lair:4   | Reached skill level 10 in Shields
 16826 | Lair:4   | Reached skill level 10 in Dodging
 17994 | Lair:5   | Reached skill level 10 in Invocations
 18551 | Lair:6   | Entered Level 6 of the Lair of Beasts
 18662 | Lair:6   | Found a staircase to the Slime Pits.
 18715 | Lair:6   | Got a crude amber ring
 18716 | Lair:6   | Identified the ring of Dain {MR+ Stlth+} (You found it on
                  | level 6 of the Lair of Beasts)
 18825 | Lair:6   | Found a viscous altar of Jiyva.
 19890 | Lair:6   | Reached XP level 15. HP: 55/107 MP: 16/23
 20200 | Lair:6   | Found a large runed translucent door.
 20200 | Lair:6   | Found a large runed translucent door.
 20424 | Lair:6   | Identified the Handbook of Confrontation
 20728 | Orc:1    | Entered Level 1 of the Orcish Mines
 20740 | Orc:1    | Found a flagged portal.
 20768 | Bailey   | Entered a bailey
 20929 | Bailey   | Upgraded the game from 0.26-a0-854-gdc81c2f471 to
                  | 0.26-a0-859-gf57989e088
 21420 | Bailey   | Found the +2 ratskin cloak {*Rats rPois rN+ Str-1 Int-1
                  | Dex+1}
 21567 | Orc:1    | Found a roughly hewn altar of Beogh.
 21736 | Orc:2    | Entered Level 2 of the Orcish Mines
 21737 | Orc:2    | Found a roughly hewn altar of Beogh.
 21835 | Orc:2    | Found a staircase to the Elven Halls.
 22062 | Orc:2    | Noticed Maurice
 22076 | Orc:2    | Killed Maurice
 22258 | Orc:2    | Noticed Erolcha
 22264 | Orc:2    | Killed Erolcha
 22313 | Orc:2    | Found Zuifaaq's Assorted Antiques.
 22314 | Orc:2    | Found Ygrar's Book Shop.
 22314 | Orc:2    | Found Cuepn's General Store.
 22321 | Orc:2    | Found Abyladuq's Jewellery Boutique.
 22336 | Orc:2    | Bought a scroll of acquirement for 884 gold pieces
 22336 | Orc:2    | Acquired a manual of Stealth
 22425 | Orc:2    | Found Yshrun's Antique Weapon Shop.
 22483 | Orc:2    | Reached skill level 7 in Stealth
 22862 | D:13     | Reached skill level 8 in Stealth
 22867 | D:13     | Reached skill level 9 in Stealth
 22921 | D:13     | Found a gate to the Vaults.
 22927 | D:13     | Reached skill level 10 in Stealth
 22934 | D:13     | Reached skill level 11 in Stealth
 22942 | D:13     | Reached skill level 12 in Stealth
 23144 | D:13     | Reached skill level 13 in Stealth
 23618 | D:14     | Noticed a tengu reaver
 23623 | D:14     | Killed a tengu reaver
 23624 | D:14     | Reached skill level 14 in Stealth
 23675 | D:14     | Reached skill level 15 in Stealth
 23935 | D:14     | Reached skill level 16 in Stealth
 23974 | D:14     | Got a slimy war axe
 23975 | D:14     | Identified the +1 war axe "Apeacaiw" {protect, *Drain rF+
                  | MR+ Int+2} (You found it on level 14 of the Dungeon)
 24018 | D:14     | Reached skill level 17 in Stealth
 24133 | D:14     | Noticed a tengu reaver
 24139 | D:14     | Killed a tengu reaver
 24140 | D:14     | Reached XP level 16. HP: 114/114 MP: 24/24
 24193 | D:14     | Reached skill level 18 in Stealth
 24533 | D:14     | Reached skill level 19 in Stealth
 24758 | D:14     | Noticed a tengu reaver
 24765 | D:14     | Killed a tengu reaver
 24973 | D:15     | Entered Level 15 of the Dungeon
 25198 | D:15     | Found a staircase to the Depths.
 25511 | D:15     | Found a runed translucent door.
 26397 | D:15     | Found a roughly hewn altar of Beogh.
 26461 | Depths:1 | Entered Level 1 of the Depths
 26711 | Depths:1 | Noticed a lich
 26716 | Depths:1 | Killed a lich
 26833 | Depths:1 | Paralysed by a great orb of eyes for 6 turns
 27069 | Depths:1 | Reached XP level 17. HP: 57/121 MP: 20/26
 27073 | Depths:1 | Mangled by an iron troll

Illustrated notes

Levels and vault maps discovered:
D:1:      shiori_arrival_oz, layout_rooms, dk_noncrumbling_3,
          serial_bayou_pond_a, chequers_arboretum, minmay_misc_feat_chi
D:2:      layout_basic, nicolae_ashenzari_panopticon,
          gammafunk_temple_overflow_statue
D:3:      layout_loops_ring
D:4:      layout_basic, uniq_edmund, uniq_crazy_yiuf_cottage
D:5:      layout_basic, regret_index_temple_of_mockery,
          nicolae_overflow_hidden_temple, fedhas_altar_4,
          minmay_temple_entry_arrows, gammafunk_ghost_stat_death, serial_shops,
          shop
D:6:      layout_loops_cross, lemuel_coloured_pillars_altar, serial_shops, shop,
          minmay_manual_monstrance, uniq_pikel
D:7:      layout_cave_pools, serial_bayou_pond_b
D:8:      layout_layer_cave, nemelex_xobeh_ov_fountains_minmay,
          elyvilon_altar_5, skrybe_limestone_x
D:9:      layout_basic, nicolae_gozag_zags_fifth_avenue,
          erik_lair_orcish_takeover, supply_closet_lemuel, st_stairs_11
D:10:     layout_loops_ring
D:11:     wad_lake_hut, layout_rooms, hangedman_abyss_or_decor_clamps,
          minmay_shop_grid_forest
D:12:     layout_stronghold, david_orc_1_choice, serial_shops,
          nicolae_shop_statue_plus, gauntlet_entry_generic, uniq_josephine,
          uniq_nessos, uniq_frances
D:13:     layout_basic, grunt_vaults_entry_tiered
D:14:     minmay_box_of_curves, layout_layer_cave, kennysheep_big_empty_room,
          minmay_radiant
D:15:     grunt_enter_depths_giant_problem, layout_basic, minmay_misc_feat_tiny,
          lightli_church_of_beogh
Temple:   bh_familiar_temple
Lair:1:   layout_misc_corridors, lemuel_centaur_altar, uniq_joseph
Lair:2:   layout_loops_ring, minmay_shoals_entry_beasts,
          nicolae_lair_grove_arrangements
Lair:3:   layout_gridlike, st_stairs_6, serial_bayou_shore_b
Lair:4:   layout_cave_pods, dummy_snake_entry, nzn_random_ring
Lair:5:   layout_cave_pods
Lair:6:   cheibrodos_lair_end_hotspot, layout_layer_cave, slime_altar_1,
          serial_bayou_shore_b
Orc:1:    layout_caves, basic_altar, enter_bailey_5
Orc:2:    st_orc_rangers, layout_caves, serial_shops, nicolae_shop_stone,
          basic_altar, uniq_erolcha, uniq_maurice
Depths:1: kennysheep_ambush_hall, layout_basic, serial_bayou_pond_d, hell_entry,
          st_stairs_12, minivault_15, wad_floor_pattern_untrapped,
          hangedman_decor_peaks_small, kennysheep_generic_room_16,
          infiniplex_staircase_pool_lava, serial_bayou_shore_b

Skill      XL: |  1  2  3  4  5  6  7  8  9 10 11 12 13 14 15 16 |
---------------+-------------------------------------------------+-----
Axes           | 3 4 5 6 7 8 9 10 11 12 | 12.8
Fighting       | 4 5 6 7 8 9 10 11 12 | 12.6
Dodging        | 4 5 6 7 8 9 10 11 12 | 12.0
Shields        | 4 5 6 7 8 9 11 12 | 12.0
Invocations    | 2 4 6 7 8 9 10 11 12 | 12.1
Stealth        | 5 6 17 19 | 19.1
Translocations | 3 4 |  4.8
Evocations     | 3 9 |  9.4

Action                   |  1- 3 |  4- 6 |  7- 9 | 10-12 | 13-15 | 16-18 || total
-------------------------+-------+-------+-------+-------+-------+-------++-------
Melee: War axe           |    33 |    96 |   120 |   265 |       |       ||   514
       Constrict         |    10 |    30 |    26 |    87 |    87 |    38 ||   278
       Tentacles         |     6 |    25 |    38 |   149 |   198 |   101 ||   517
       Broad axe         |       |       |       |   135 |   522 |   228 ||   885
       Morningstar       |       |       |       |       |    17 |    10 ||    27
Throw: Dart              |       |     4 |     7 |     9 |     8 |     8 ||    36
 Cast: Blink             |       |       |       |       |     4 |     1 ||     5
Invok: Bend Time         |       |       |     1 |     1 |     1 |       ||     3
       Slouch            |       |       |       |     2 |     5 |     3 ||    10
       Step From Time    |       |       |       |       |       |     1 ||     1
Evoke: Wand              |       |     3 |    10 |     7 |    15 |     1 ||    36
  Use: Scroll            |     2 |     7 |     7 |    13 |    20 |    11 ||    60
       Potion            |       |     1 |     6 |     2 |     7 |     1 ||    17
 Stab: Sleeping          |     2 |    13 |     2 |    22 |    53 |    23 ||   115
       Distracted        |       |       |       |     7 |     4 |     6 ||    17
       Invisible         |       |       |       |       |     5 |       ||     5
Armor: Skin              |     4 |     3 |    16 |    17 |    22 |    10 ||    72
Dodge: Dodged            |    21 |    30 |    71 |   215 |   380 |   161 ||   878
Block: Kite shield       |    17 |    35 |    72 |   265 |   606 |   217 ||  1212

Table legend: (Time is in decaauts)
 A = Elapsed time spent in this place.
 B = Non-inter-level travel time spent in this place.
 C = Inter-level travel time spent in this place.
 D = Time resting spent in this place.
 E = Time spent auto-exploring this place.
 F = Levels seen in this place.
 G = Mean time per level.
                   A        B        C        D        E       F      G
               +--------+--------+--------+--------+--------+-----+--------+
         Total |  39976 |  37536 |   2440 |   5414 |  25683 |  26 | 1537.5 |
       Dungeon |  23497 |  22023 |   1474 |   3596 |  14774 |  15 | 1566.5 |
        Temple |    206 |    181 |     25 |      0 |    176 |   1 |  206.0 |
          Lair |  12021 |  11201 |    820 |   1131 |   8472 |   6 | 2003.5 |
  Orcish Mines |   2282 |   2162 |    120 |     91 |   1598 |   2 | 1141.0 |
        Depths |    914 |    914 |      0 |    179 |    492 |   1 |  914.0 |
        Bailey |   1054 |   1054 |      0 |    416 |    170 |   1 | 1054.0 |
               +--------+--------+--------+--------+--------+-----+--------+

Top non-repeatable levels by time:
  Lair:6: 3282 daAuts
    D:12: 2634 daAuts
     D:8: 2365 daAuts
  Lair:4: 2349 daAuts
    D:15: 2225 daAuts
    D:14: 2140 daAuts
     D:6: 1917 daAuts
    D:13: 1842 daAuts
  Lair:3: 1790 daAuts
  Lair:5: 1699 daAuts
    D:10: 1591 daAuts
    D:11: 1581 daAuts
  Lair:1: 1452 daAuts
  Lair:2: 1446 daAuts
   Orc:2: 1380 daAuts
